 Dungeon Crawl Stone Soup version 0.24-a0-537-g2d01d4ab0a (webtiles) character file.

Game seed: 14499389446307182040

105 Gargoyl the Skirmisher (level 4, 0/38 HPs)
             Began as a Centaur Abyssal Knight on Aug 13, 2019.
             Was a Follower of Lugonu.
             Slain by a gnoll
             ... wielding a +0 club
              (11 damage)
             ... on level 3 of the Dungeon.
             The game lasted 00:02:28 (2151 turns).

Gargoyl the Skirmisher (Centaur Abyssal Knight)     Turns: 2151, Time: 00:02:28

Health: 0/38       AC:  4    Str: 14    XL:     4   Next: 54%
Magic:  5/5        EV:  8    Int: 11    God:    Lugonu [*.....]
Gold:   77         SH:  3    Dex: 10    Spells: 3/3 levels left

rFire    . . .     SeeInvis .   d - +1 hand axe (freeze)
rCold    . . .     Gourm    .   h - +0 buckler
rNeg     . . .     Faith    .   b - +0 leather armour
rPois    .         Spirit   .   (no helmet)
rElec    .         Reflect  .   (no cloak)
rCorr    .         Harm     .   (no gloves)
MR       .....                  (no barding)
Stlth    ..........             (no amulet)
HPRegen  0.12/turn              (no ring)
MPRegen  0.09/turn              (no ring)

@: very quick
A: large, hooves 3, deformed body, speed 2, tough skin 3
a: Depart the Abyss, Renounce Religion


You were on level 3 of the Dungeon.
You worshipped Lugonu.
Lugonu was aware of your devotion.
You were not hungry.

You visited 1 branch of the dungeon, and saw 3 of its levels.
You visited the Abyss 1 time.

You collected 77 gold pieces.

Inventory:

Hand Weapons
 a - a +1 hand axe
 d - a +1 hand axe of freezing (weapon)
 m - a +0 war axe
Armour
 b - a +0 leather armour (worn)
 h - a +0 buckler (worn)
 k - a +0 ring mail
Wands
 g - a wand of polymorph (6)
Scrolls
 e - 2 scrolls of magic mapping
 i - 3 scrolls of identify
Potions
 f - a potion of heal wounds
 j - a potion of mutation {unknown}
 l - a potion of curing {unknown}
Comestibles
 c - 5 rations


   Skills:
 + Level 3.3 Fighting
 + Level 2.7 Axes
 * Level 2.1 Armour
 * Level 1.5 Dodging
 * Level 2.5 Invocations


You had 3 spell levels left.
You didn't know any spells.
Your spell library contained the following spells:

 Spells                   Type           Power        Failure   Level  Hunger
 Shock                    Conj/Air       #...         58%         1    ##.....
 Swiftness                Chrm/Air       #.......     73%         2    ###....
 Static Discharge         Conj/Air       #.......     91%         3    ####...
 Airstrike                Air            #.........   100%        4    #####..
 Lightning Bolt           Conj/Air       #.........   100%        5    ######.


Dungeon Overview and Level Annotations

Branches:
Dungeon (3/15)

Altars:
Elyvilon
Wu Jian


Innate Abilities, Weirdness & Mutations

You have hooves in place of feet.
Armour fits poorly on your strangely shaped body.
You cover ground very quickly.
You have extremely tough skin. (AC +3)


Message History

The gnoll barely misses you.
There is an escape hatch in the ceiling here.
You hit the gnoll. You freeze the gnoll.
The gnoll is heavily wounded.
The gnoll misses you.
You barely miss the gnoll.
The gnoll is heavily wounded.
The gnoll hits you with a +0 halberd!
You barely miss the gnoll.
The gnoll is heavily wounded.
You barely miss the gnoll. The gnoll hits you with a +0 halberd!
The gnoll hits you from afar with a +0 spear.
The gnoll closely misses you.
You completely miss the gnoll. Your kick misses the gnoll.
The gnoll is heavily wounded.
You barely miss the gnoll. The gnoll hits you with a +0 halberd.
The gnoll hits you from afar with a +0 spear.
* * * LOW HITPOINT WARNING * * *
The gnoll hits you with a +0 club!
You die...

*,*,* *,******
*,*,* #.# *,*,*
#.# *,*,* #.#
*,#,**#.#
*,#.,,.g#
*,#..##g#
*,#...gg#
#.##.##@##########
*****
#................#
,,,,*
################.#
,,,,* ##### #.#
,,,,**** #...# #.#
,,,,,,,*
#.#.####.#
,,,,,*,*
#)#......#
,,,,,*,*
#ยง########
,,,,**,* #.#


You could see 4 gnolls.

Vanquished Creatures
  Ijyb (D:3)
  4 adders
  A worm (D:1)
  8 bats
  A giant cockroach (D:1)
  5 goblins (D:1)
  6 hobgoblins
  5 kobolds
  A ball python (D:1)
  4 frilled lizards
  4 rats
40 creatures vanquished.

Notes
Turn   | Place    | Note
-------+----------+-------------------------------------------
     0 | Abyss:1  | Gargoyl the Centaur Abyssal Knight began the quest for the
                  | Orb.
     0 | Abyss:1  | Reached XP level 1. HP: 19/19 MP: 2/2
   112 | Abyss:2  | Noticed a wretched star
   112 | D:1      | Escaped the Abyss
   387 | D:1      | Reached XP level 2. HP: 24/26 MP: 3/3
   401 | D:1      | Reached skill level 1 in Dodging
   514 | D:1      | Reached * piety under Lugonu
   799 | D:1      | Reached XP level 3. HP: 31/31 MP: 4/4
  1305 | D:2      | Found an ornate altar of the Wu Jian Council.
  1589 | D:2      | Reached XP level 4. HP: 38/38 MP: 5/5
  1610 | D:2      | Found a white marble altar of Elyvilon.
  2099 | D:3      | Noticed Ijyb
  2112 | D:3      | Killed Ijyb
  2151 | D:3      | Slain by a gnoll

Levels and vault maps discovered:
D:1:      mainiacjoe_arrival_reflecting_pool, layout_rooms, st_stairs_6
D:2:      layout_loops_ring, old_standard_altar, nicolae_overflow_hidden_temple
D:3:      layout_basic, lemuel_doored_altar, uniq_grinder, uniq_jessica,
          uniq_ijyb, uniq_robin, uniq_sigmund

Skill      XL: |  1  2  3 |
---------------+----------+-----
Axes           | 2 |  2.7
Dodging        | 1 |  1.5
Armour         | 2 |  2.1
Fighting       | |  3.3
Invocations    | |  2.5

Action                   |  1- 3 |  4- 6 || total
-------------------------+-------+-------++-------
Melee: Hand axe          |    88 |    19 ||   107
       Kick              |    12 |     3 ||    15
       Unarmed           |       |     7 ||     7
Invok: Depart the Abyss  |     1 |       ||     1
  Use: Scroll            |       |     4 ||     4
  Eat: Chunk             |     1 |     2 ||     3
Armor: Leather armour    |    55 |     4 ||    59
Dodge: Dodged            |    77 |    11 ||    88
Block: Buckler           |     9 |     4 ||    13

Table legend:
 A = Non-vault XP
 B = Vault XP
 C = Vault XP percentage of total XP
 D = Non-vault monster count
 E = Vault monster count
 F = Vault count percentage of total count
                 A         B        C        D         E       F
            +---------+---------+-------+---------+---------+-------
      Total |     111 |      40 |  26.5 |      38 |       2 |   5.0
            +---------+---------+-------+---------+---------+-------
        D:1 |      60 |       2 |   3.2 |      28 |       1 |   3.4
        D:2 |      51 |       0 |   0.0 |      10 |       0 |   0.0
        D:3 |       0 |      38 | 100.0 |       0 |       1 | 100.0
            +---------+---------+-------+---------+---------+-------
